 Dungeon Crawl Stone Soup version 0.30.0-10-gfe55d96785 (webtiles) character file.

Game seed: 4853333662283081230

20 GigaChad the Shield-Bearer (level 2, -1/27 HPs)
             Began as a Minotaur Fighter on May 16, 2023.
             Slain by Sigmund
             ... wielding a +0 scythe
              (4 damage)
             ... on level 2 of the Dungeon.
             The game lasted 00:01:26 (626 turns).

GigaChad the Shield-Bearer (Minotaur Fighter)        Turns: 626, Time: 00:01:27

Health: -1/27      AC:  9    Str: 20    XL:     2   Next: 58%
Magic:  1/1        EV:  7    Int:  5    God:
Gold:   98         SH:  4    Dex:  9    Spells: 1/1 levels left

rFire   . . .        a - +0 war axe
rCold   . . .        c - +0 buckler
rNeg    . . .        k - +0 chain mail
rPois   .            (helmet restricted)
rElec   .            (no cloak)
rCorr   .            (no gloves)
SInv    .            (no boots)
Will    .....        (no amulet) Stlth
                     (no ring)
HPRegen 0.24/turn    (no ring)
MPRegen 0.07/turn

%: no passive effects
@: no status effects
A: horns 2, retaliatory headbutt
a: no special abilities


You were on level 2 of the Dungeon.
You visited 1 branch of the dungeon, and saw 2 of its levels.

You collected 98 gold pieces.

Inventory:

Hand Weapons
 a - a +0 war axe (weapon)
Armour
 b - a +0 scale mail
 c - a +0 buckler (worn)
 k - a +0 chain mail (worn)
Jewellery
 e - a ring of magical power
 h - an amulet of faith
 i - a ring of positive energy
Scrolls
 g - a scroll of noise
 j - a scroll of vulnerability {unknown}
Potions
 d - 2 potions of might
 f - a potion of brilliance {unknown}


   Skills:
 * Level 3.9 Fighting
 * Level 2.9 Axes
 * Level 3.8 Armour
 - Level 0.2 Dodging
 * Level 4.0 Shields


You had one spell level left.
You didn't know any spells.
Your spell library was empty.

Dungeon Overview and Level Annotations

Branches:
Dungeon (2/15)

Altars:

Annotations:
D:2 Sigmund


Innate Abilities, Weirdness & Mutations

You have a pair of horns on your head.
You reflexively headbutt those who attack you in melee.


Message History

Your Shields skill increases to level 4!
No target in view!
No target in view!
No target in view!
No target in view!
No target in view!
No target in view!
No target in view!
No target in view!
No target in view!
No target in view!
No target in view!
There is a strange disturbance nearby!
Found a leather armour.
You hear a zap.
A puff of flame appears from out of thin air!
The puff of flame misses you.
You see here a frilled lizard corpse.
You barely miss something. Something hits you but does no damage.
You miss something.
You hear a zap.
A puff of flame appears from out of thin air!
The puff of flame hits you! Something hits you.
You completely miss something.
You hear a zap.
A puff of flame appears from out of thin air!
The puff of flame hits you!
* * * LOW HITPOINT WARNING * * *
You closely miss something. Something hits you but does no damage.
You barely miss something.
You hear some strange, mumbled words.
Something tries to affect you, but you resist.
You barely miss something.
You hear a zap.
A puff of flame appears from out of thin air!
The puff of flame hits you.
* * * LOW HITPOINT WARNING * * *
You barely miss something. Something hits you but does no damage.
You hit something. Your headbutt misses something. Something hits you.
You die...

#........#
#...!....#
#........#
#........#
#....[...#
#........#
#...{....# #@##
#..## #. ##..#
... ##.# #.#
#.####..# .....
######..#...##
.....
..............#
.....
########...##>..
#.#.# #..##


There were no monsters in sight!

Vanquished Creatures
  3 endoplasms
  4 hobgoblins
  3 jackals (D:1)
  A kobold (D:1)
  A quokka (D:2)
  A bat (D:1)
  3 frilled lizards
  A rat (D:2)
17 creatures vanquished.

Notes
Turn   | Place    | Note
-------+----------+-------------------------------------------
     0 | D:1      | GigaChad the Minotaur Fighter began the quest for the Orb.
     0 | D:1      | Reached XP level 1. HP: 19/19 MP: 0/0
   193 | D:1      | Reached XP level 2. HP: 25/27 MP: 1/1
   609 | D:2      | Noticed Sigmund
   617 | D:2      | Reached skill level 4 in Shields
   626 | D:2      | Slain by Sigmund

Illustrated notes

Levels and vault maps discovered:
D:1:      evilmike_arrival_plus, layout_basic
D:2:      layout_rooms, shapermc_ecumenical_altar_hornbeckon, uniq_sigmund

Skill      XL: |  1  2 |
---------------+-------+-----
Shields        | 4 |  4.0
Fighting       | |  3.9
Axes           | |  2.9
Armour         | |  3.8
Dodging        | |  0.2

Action                     || total
---------------------------++-------
  Melee: War axe           ||    35
         Headbutt          ||     2
    Use: Scroll            ||     2
 Armour: Scale mail        ||    11
         Chain mail        ||    10
  Dodge: Dodged            ||     8
  Block: Buckler           ||     3
